 Dungeon Crawl Stone Soup version 0.31.0-11-ge490571c62 (webtiles) character file.

Game seed: 12864044099678467614

248 qw the Skirmisher (level 5, -2/30 HPs)
             Began as a Deep Elf Hunter on Feb 4, 2024.
             Was an Initiate of Okawaru.
             Slain by a gnoll
             ... wielding a +0 halberd
              (4 damage)
             ... on level 3 of the Dungeon.
             The game lasted 00:00:06 (1917 turns).

qw the Skirmisher (Deep Elf Hunter)                 Turns: 1917, Time: 00:00:07

Health: -2/30      AC:  5    Str: 10    XL:     5   Next: 86%
Magic:  7/7        EV: 12    Int: 14    God:    Okawaru [......]
Gold:   89         SH:  0    Dex: 18    Spells: 4/4 levels left

rFire   . . .        a - +1 shortbow (flame)
rCold   . . .        (shield currently unavailable)
rNeg    . . .        c - +0 leather armour
rPois   .            (no helmet)
rElec   .            f - +1 cloak
rCorr   .            (no gloves)
SInv    .            (no boots)
Will    .....        (no amulet)
Stlth   ++           (no ring)
HPRegen 0.25/turn    (no ring)
MPRegen 0.10/turn

%: no passive effects
@: no status effects
A: no striking features
a: Renounce Religion


You were on level 3 of the Dungeon.
You worshipped Okawaru.
Okawaru was noncommittal.
You visited 1 branch of the dungeon, and saw 3 of its levels.

You collected 89 gold pieces.


   Skills:
 - Level 2.0 Fighting
 + Level 9.0 Ranged Weapons
 - Level 3.0 Dodging
 - Level 1.2 Stealth


You had 4 spell levels left.
You didn't know any spells.
Your spell library was empty.

Inventory:

Hand Weapons
 a - a +1 shortbow of flaming (weapon)
Armour
 c - a +0 leather armour (worn)
 f - a +1 cloak (worn)
Potions
 d - a potion of resistance
 e - a potion of curing
 h - a potion of mutation {unknown}
 i - a potion of ambrosia {unknown}

Dungeon Overview and Level Annotations

Branches:
Dungeon (3/15)

Altars:
Okawaru
Trog
The Shining One

Annotations:
D:1 1 runed translucent door


Message History

The arrow hits the dart slug!
The arrow burns the dart slug.
You kill the dart slug!
Okawaru accepts your kill.
You shoot an arrow. The arrow closely misses the gnoll.
You shoot an arrow.
The arrow hits the gnoll but does no damage.
The gnoll hits you from afar with a +0 halberd!
You shoot an arrow. The arrow hits the gnoll!
The arrow burns the gnoll.
The gnoll is severely wounded.
The gnoll hits you from afar with a +0 halberd.
You shoot an arrow. The arrow hits the ball python.
The arrow burns the ball python.
The ball python is heavily wounded.
The ball python closely misses you. The ball python grabs you.
The ball python constricts you.
The gnoll hits you from afar with a +0 halberd!
You shoot an arrow.
The arrow completely misses the ball python.
The ball python bites you but does no damage.
The ball python constricts you. The ball python bites you.
The ball python constricts you. The gnoll barely misses you.
The orc barely misses you.
You shoot an arrow. The arrow hits the ball python!
The arrow burns the ball python.
You kill the ball python!
Okawaru accepts your kill. The orc closely misses you. The gnoll misses you.
You shoot an arrow. The arrow barely misses the orc.
The orc barely misses you. The gnoll closely misses you.
You shoot an arrow.
The arrow hits the orc but does no damage.
The gnoll barely misses you. The orc closely misses you.
You shoot an arrow. The arrow hits the orc.
The arrow burns the orc.
The orc is moderately wounded.
The orc misses you. The gnoll closely misses you.
You shoot an arrow. The arrow hits the orc.
The arrow burns the orc.
The orc is severely wounded.
The orc hits you with a +0 flail.
The gnoll hits you from afar with a +0 halberd.
You die...

......}.._.#######.##.#
...................##.#
.##._.......##..#####.#
.##.......####..# #.#
.###....### #..# #.#
..!..#### #..# #.#
.#.### #..# #.. ....#
...###.o#####.#. .#.##
........@....... .#.#
...###.....#...# .#)# #
#.g)...# . ....
#)...#...# ##.#
#.....#..# #..#...###
#...#.. .... ###


You could see a gnoll and an orc.

Vanquished Creatures
  Sigmund (D:2)
  3 gnolls
  An adder (D:2)
  A dart slug (D:3)
  An orc (D:2)
  5 ball pythons
  A bat (D:1)
  5 endoplasms
  2 giant cockroaches
  3 goblins
  3 hobgoblins (D:1)
  5 kobolds
  2 quokkas
  2 frilled lizards
  3 rats
38 creatures vanquished.

Notes
Turn   | Place    | Note
-------+----------+-------------------------------------------
     0 | D:1      | qw the Deep Elf Hunter began the quest for the Orb.
     0 | D:1      | Reached XP level 1. HP: 12/12 MP: 3/3
     0 | D:1      | 0 ||| qw: Version: 0.3-a-160-g6735b56
     0 | D:1      | 0 ||| qw: Game counter: 5189
     0 | D:1      | 0 ||| qw: Melee chars always use a shield: true
     0 | D:1      | 0 ||| qw: God list: Okawaru
     0 | D:1      | 0 ||| qw: Allow faded altars: false
     0 | D:1      | 0 ||| qw: Do Orc after clearing Dungeon:15 true
     0 | D:1      | 0 ||| qw: Do second Lair branch before Depths: true
     0 | D:1      | 0 ||| qw: Lair rune preference: random
     0 | D:1      | 0 ||| qw: Goals: Normal
     0 | D:1      | 0 ||| PLANNING D:1-11
     3 | D:1      | Found a runed translucent door.
    87 | D:1      | HP: 2/12 [frozen (3)]
   224 | D:1      | Reached skill level 6 in Ranged Weapons
   224 | D:1      | Reached XP level 2. HP: 10/16 MP: 4/4
   663 | D:1      | 663 ||| UPGRADING to +0 cloak.
   668 | D:1      | 668 ||| READING scroll labelled ABLYAN KU VEID.
   668 | D:1      | 668 ||| BRANDING +0 shortbow.
   669 | D:1      | 669 ||| READING scroll labelled HIKO PACOHABU.
   770 | D:1      | 770 ||| READING scroll labelled GUMEOH QUWEATI.
   871 | D:1      | 871 ||| READING scroll labelled PILUING GIRYAJ.
   872 | D:1      | 872 ||| DRINKING 2 bubbling coppery potions.
   873 | D:1      | 873 ||| DROPPING scroll of butterflies.
   944 | D:2      | Reached XP level 3. HP: 20/20 MP: 5/5
   993 | D:2      | Noticed Sigmund
  1000 | D:2      | Killed Sigmund
  1001 | D:2      | Reached skill level 9 in Ranged Weapons
  1001 | D:2      | Reached XP level 4. HP: 13/25 MP: 6/6
  1001 | D:2      | Reached XP level 5. HP: 15/29 MP: 7/7
  1001 | D:2      | 1001 ||| FLEEEEING.
  1002 | D:2      | 1002 ||| FLEEEEING.
  1005 | D:2      | 1005 ||| FLEEEEING.
  1006 | D:2      | 1006 ||| FLEEEEING.
  1007 | D:2      | 1007 ||| FLEEEEING.
  1008 | D:2      | 1008 ||| FLEEEEING.
  1009 | D:2      | 1009 ||| FLEEEEING.
  1010 | D:2      | 1010 ||| FLEEEEING.
  1011 | D:2      | 1011 ||| FLEEEEING.
  1012 | D:2      | 1012 ||| FLEEEEING.
  1013 | D:2      | 1013 ||| FLEEEEING.
  1014 | D:2      | 1014 ||| FLEEEEING.
  1015 | D:2      | 1015 ||| FLEEEEING.
  1016 | D:2      | 1016 ||| FLEEEEING.
  1017 | D:2      | 1017 ||| FLEEEEING.
  1553 | D:2      | Reached skill level 3 in Dodging
  1723 | D:2      | 1723 ||| READING scroll labelled BEFIMP WYDADOSCH.
  1723 | D:2      | 1723 ||| ENCHANTING +0 shortbow of flaming.
  1724 | D:2      | 1724 ||| READING scroll labelled AMAVEN IJAMOVA.
  1724 | D:2      | 1724 ||| ENCHANTING +0 cloak.
  1725 | D:2      | 1725 ||| READING scroll labelled VEMIKO ANIEPN.
  1729 | D:2      | 1729 ||| READING scroll labelled MUUGUA OMOKHLYJ.
  1730 | D:2      | 1730 ||| DRINKING 2 smoky cyan potions.
  1823 | D:3      | Found a glowing golden altar of the Shining One.
  1827 | D:3      | Found a bloodstained altar of Trog.
  1842 | D:3      | Found an iron altar of Okawaru.
  1843 | D:3      | 1843 ||| PLANNING OKAWARU WORSHIP
  1843 | D:3      | 1843 ||| READING scroll labelled YMNORR DAANA.
  1843 | D:3      | 1843 ||| IDENTIFYING glowing silvery potion
  1844 | D:3      | 1844 ||| DROPPING potion of degeneration.
  1852 | D:3      | Became a worshipper of Warmaster Okawaru
  1853 | D:3      | 1853 ||| PLANNING D:1-11
  1912 | D:3      | HP: 6/30 [ball python (2)]
  1917 | D:3      | HP: 2/30 [orc/+0 flail (4)]
  1917 | D:3      | Slain by a gnoll

Levels and vault maps discovered:
D:1:      dpeg_arrival_caged_fury, layout_loops_ring
D:2:      layout_loops_corners, minmay_split_cup_large, uniq_sigmund
D:3:      layout_loops_ring, grunt_temple_overflow_open, grunt_ministairs_1,
          minmay_splitting_lines

Skill      XL: |  1  2  3  4  5 |
---------------+----------------+-----
Ranged Weapons | 6 9 |  9.0
Dodging        | 3 |  3.0
Fighting       | 2 |  2.0
Stealth        | |  1.2

Action                     |  1- 3 |  4- 6 || total
---------------------------+-------+-------++-------
   Fire: Shortbow          |    66 |    60 ||   126
    Use: Scroll            |     4 |     5 ||     9
         Potion            |     1 |     1 ||     2
 Armour: Leather armour    |    13 |    14 ||    27
  Dodge: Dodged            |    22 |    18 ||    40

Table legend:
 A = Non-vault XP
 B = Vault XP
 C = Vault XP percentage of total XP
 D = Non-vault monster count
 E = Vault monster count
 F = Vault count percentage of total count
                 A         B        C        D         E       F
            +---------+---------+-------+---------+---------+-------
      Total |      78 |     277 |  78.0 |      30 |       8 |  21.1
            +---------+---------+-------+---------+---------+-------
        D:1 |      37 |       0 |   0.0 |      14 |       0 |   0.0
        D:2 |      32 |     246 |  88.5 |      12 |       5 |  29.4
        D:3 |       9 |      31 |  77.5 |       4 |       3 |  42.9
            +---------+---------+-------+---------+---------+-------
